 Dungeon Crawl Stone Soup version 0.27-a0-760-gc38aae387d (webtiles) character file.

Game seed: 7810171759272778033

462 polve the Skirmisher (level 6, 0/48 HPs)
             Began as a Demonspawn Abyssal Knight on Mar 24, 2021.
             Was a Priest of Lugonu.
             Killed from afar by Blork the orc (7 damage)
             ... with a puff of frost
             ... on level 4 of the Dungeon.
             The game lasted 00:07:59 (5503 turns).

polve the Skirmisher (Demonspawn Abyssal Knight)    Turns: 5503, Time: 00:07:59

Health: 0/48       AC:  6    Str: 12    XL:     6   Next: 79%
Magic:  0/9        EV: 11    Int: 15    God:    Lugonu [***...]
Gold:   68         SH:  0    Dex: 13    Spells: 5/9 levels left

rFire    . . .     SeeInvis .   b - staff of conjuration
rCold    . . .     Faith    .   (no shield)
rNeg     . . .     Spirit   .   e - +0 leather armour
rPois    .         Reflect  .   m - +0 helmet
rElec    .         Harm     .   (no cloak)
rCorr    .         Rampage  .   (no gloves)
Will     .....                  n - +1 pair of boots
Stlth    +.........             (no amulet)
HPRegen  0.16/turn              (no ring)
MPRegen  0.22/turn              (no ring)

@: flying
A: spiny 2, magic regeneration
a: Renounce Religion, Depart the Abyss, Bend Space, Banish


You were on level 4 of the Dungeon.
You worshipped Lugonu.
Lugonu was most pleased with you.
You visited 1 branch of the dungeon, and saw 4 of its levels.
You visited the Abyss 1 time.
You also visited: Sewer.

You collected 68 gold pieces.

Inventory:

Hand Weapons
 a - a +0 spear
Armour
 e - a +0 leather armour (worn)
 m - a +0 helmet (worn)
 n - a +1 pair of boots (worn)
Magical Staves
 b - a staff of conjuration (weapon)
Scrolls
 c - a scroll of magic mapping {unknown}
 d - 2 scrolls of teleportation {unknown}
 f - a scroll of immolation {unknown}
 h - a scroll of holy word {unknown}
 i - 2 scrolls of amnesia {unknown}
 j - 2 scrolls of fear {unknown}
 k - 2 scrolls of fog {unknown}
 p - a scroll of vulnerability {unknown}
Potions
 l - a potion of brilliance
 s - 3 potions of flight


   Skills:
 - Level 4.3 Fighting
 - Level 1.9 Long Blades
 - Level 3.3 Polearms
 - Level 1.7 Armour
 - Level 0.8 Dodging
 + Level 2.2 Spellcasting
 * Level 3.8 Conjurations
 - Level 2.4 Invocations


You had 5 spell levels left.
You knew the following spells:

 Your Spells              Type           Power      Damage    Failure   Level
a - Magic Dart            Conj           76%        1d6       6%          1
b - Blink                 Tloc           N/A        N/A       38%         2
c - Corona                Hex            1%         N/A       28%         1

Your spell library contained the following spells:

 Spells                   Type           Power      Damage    Failure   Level
 Animate Skeleton         Necr           2%         N/A       28%         1
 Apportation              Tloc           2%         N/A       28%         1
 Summon Small Mammal      Summ           4%         N/A       28%         1
 Conjure Flame            Conj/Fire      11%        6-21      36%         3
 Call Imp                 Summ           1%         N/A       38%         2
 Slow                     Hex            1%         N/A       38%         2
 Mephitic Cloud           Conj/Pois/Air  8%         N/A       43%         3


Dungeon Overview and Level Annotations

Branches:
Dungeon (4/15)              Sewer (visited)
 Temple: D:4-7

Altars:
Fedhas
Gozag
Kikubaaqudgha
Nemelex Xobeh

Shops:
D:1 *

Annotations:
D:4 Blork the orc


Innate Abilities, Weirdness & Mutations

You are mostly covered in sharp spines.
You regenerate magic rapidly.


Message History

Aiming: Magic Dart (safe; 6% risk of failure)
Press: ? - help, Shift-Dir - straight line, f/p - Blork the orc
Aim: Blork the orc, wielding a +0 halberd, wearing a +0 robe and carrying a wand of flame (12) (heavily wounded, fast, 0% to evade)
You feel a surge of power!
The magic dart hits Blork the orc.
Blork the orc is heavily wounded.
Blork the orc hits you but does no damage.
Blork the orc zaps a wand.
The puff of flame hits you!
It was a potion of flight.
You feel very buoyant.
You fly up into the air.
Blork the orc miscasts a cantrip.
Casting: Magic Dart (safe; 6% risk of failure)
Confirm with . or Enter, or press ? or * to list all spells.
Aiming: Magic Dart (safe; 6% risk of failure)
Press: ? - help, Shift-Dir - straight line, f/p - Blork the orc
Aim: Blork the orc, wielding a +0 halberd, wearing a +0 robe and carrying a wand of flame (11) (heavily wounded, fast, 0% to evade)
You feel a surge of power!
The magic dart hits Blork the orc.
Blork the orc is severely wounded.
Blork the orc barely misses you.
Blork the orc zaps a wand.
The puff of flame hits you!
Casting: Magic Dart (safe; 6% risk of failure)
Confirm with . or Enter, or press ? or * to list all spells.
Aiming: Magic Dart (safe; 6% risk of failure)
Press: ? - help, Shift-Dir - straight line, f/p - Blork the orc
Aim: Blork the orc, wielding a +0 halberd, wearing a +0 robe and carrying a wand of flame (10) (severely wounded, fast, 0% to evade)
You feel a surge of power!
The magic dart hits Blork the orc.
Blork the orc is severely wounded.
Blork the orc hits you from afar with a +0 halberd!
Casting: Magic Dart (safe; 6% risk of failure)
Confirm with . or Enter, or press ? or * to list all spells.
Aiming: Magic Dart (safe; 6% risk of failure)
Press: ? - help, Shift-Dir - straight line, f/p - Blork the orc
Aim: Blork the orc, wielding a +0 halberd, wearing a +0 robe and carrying a wand of flame (10) (severely wounded, fast, 0% to evade)
You feel a surge of power!
The magic dart hits Blork the orc.
Blork the orc is severely wounded.
Blork the orc hits you from afar with a +0 halberd!
* * * LOW HITPOINT WARNING * * *
Blork the orc gestures at you while chanting.
The puff of frost hits you!
You die...

############
#.@..).....#
#.########.#
#o #.# #.
#.# #. #.#
.. #.# #.
#.# #. #.#
.. #.#


You could see Blork the orc (fast).

Vanquished Creatures
  2 kobold brigands (Sewer)
  A howler monkey (D:2)
  A gnoll shaman (D:4)
  A hound (D:4)
  Terence (D:2)
  3 gnolls (D:4)
  6 adders
  A river rat (Sewer)
  4 worms
  3 dart slugs
  An orc (D:3)
  8 ball pythons
  9 bats
  8 endoplasms
  2 giant cockroaches
  7 hobgoblins
  9 jackals
  5 quokkas
  4 frilled lizards
  2 goblins
  7 kobolds
  11 rats
96 creatures vanquished.

Vanquished Creatures (others)
  4 toadstools (D:1)
4 creatures vanquished.

Grand Total: 100 creatures vanquished

Notes
Turn   | Place    | Note
-------+----------+-------------------------------------------
     0 | Abyss:1  | polve the Demonspawn Abyssal Knight began the quest for the
                  | Orb.
     0 | Abyss:1  | Reached XP level 1. HP: 18/18 MP: 2/2
     4 | Abyss:1  | Found a basalt altar of Yredelemnul.
   107 | Abyss:1  | Noticed a basilisk
   147 | Abyss:1  | Found a basalt altar of Yredelemnul.
   223 | Abyss:1  | Noticed an earth elemental
   386 | Abyss:1  | Noticed a worldbinder
   387 | Abyss:1  | Noticed a dream sheep
   387 | D:1      | Escaped the Abyss
   499 | D:1      | Found Reugua's Assorted Antiques.
   686 | D:1      | Gained mutation: You regenerate magic rapidly. [demonic
                  | ancestry]
   686 | D:1      | Reached XP level 2. HP: 12/24 MP: 3/3
   847 | D:1      | Reached * piety under Lugonu
  1129 | D:1      | Reached skill level 4 in Fighting
  1316 | D:1      | Reached XP level 3. HP: 30/30 MP: 4/4
  1994 | D:2      | Reached skill level 1 in Polearms
  2262 | D:2      | Reached ** piety under Lugonu
  2263 | D:2      | Reached XP level 4. HP: 27/37 MP: 5/5
  2527 | D:2      | Noticed Terence
  2648 | D:2      | Killed Terence
  2649 | D:2      | Gained mutation: You are partially covered in sharp spines.
                  | [demonic ancestry]
  2649 | D:2      | Reached XP level 5. HP: 15/42 MP: 6/6
  2971 | D:2      | Found an opulent altar of Gozag.
  3052 | D:2      | Found a sparkling altar of Nemelex Xobeh.
  3255 | D:2      | Found a blossoming altar of Fedhas.
  3256 | D:2      | Found an ancient bone altar of Kikubaaqudgha.
  3662 | D:3      | Learned a level 1 spell: Magic Dart
  3665 | D:3      | Learned a level 2 spell: Blink
  3667 | D:3      | Learned a level 1 spell: Corona
  4099 | D:3      | Found a glowing drain.
  4138 | Sewer    | Entered a sewer
  4324 | Sewer    | Reached skill level 1 in Conjurations
  4521 | Sewer    | Reached *** piety under Lugonu
  4591 | Sewer    | Reached skill level 1 in Spellcasting
  4672 | Sewer    | Gained mutation: You are mostly covered in sharp spines.
                  | [demonic ancestry]
  4672 | Sewer    | Reached XP level 6. HP: 17/48 MP: 6/8
  5490 | D:4      | Noticed Blork the orc
  5503 | D:4      | Killed from afar by Blork the orc

Illustrated notes

Levels and vault maps discovered:
D:1:      ldierk_walled_garden_2, layout_loops_ring, serial_shops,
          nicolae_shop_competitors_out_of_business
D:2:      layout_loops_cross, grunt_temple_overflow_growth_and_decay,
          grunt_temple_overflow_opulence, uniq_terence
D:3:      layout_rooms, portal_sewer_entry_a, minmay_misc_feat_iff
D:4:      layout_basic, gammafunk_ghost_split, serial_shops, kennysheep_mini,
          serial_rivers, chequers_serial_rivers_room_a,
          chequers_serial_rivers_small_b, chequers_serial_rivers_micro_e,
          chequers_serial_rivers_micro_e, minmay_manual_mess, uniq_blork_the_orc

Skill      XL: |  1  2  3  4  5  6 |
---------------+-------------------+-----
Fighting       | 4 |  4.3
Polearms       | 1 3 |  3.3
Conjurations   | 2 3 |  3.8
Spellcasting   | 1 2 |  2.2
Long Blades    | |  1.9
Armour         | |  1.7
Dodging        | |  0.8
Invocations    | |  2.4

Action                   |  1- 3 |  4- 6 || total
-------------------------+-------+-------++-------
Melee: Falchion          |    77 |       ||    77
       Spear             |    61 |   184 ||   245
 Cast: Magic Dart        |       |    58 ||    58
Invok: Depart the Abyss  |     1 |       ||     1
  Use: Potion            |       |     7 ||     7
 Stab: Sleeping          |     1 |     1 ||     2
Armor: Leather armour    |    44 |    20 ||    64
       Skin              |       |     9 ||     9
Dodge: Dodged            |   105 |    46 ||   151
       Rpst.: Falchion   |    24 |       ||    24

Table legend: (Time is in decaauts)
 A = Elapsed time spent in this place.
 B = Non-inter-level travel time spent in this place.
 C = Inter-level travel time spent in this place.
 D = Time resting spent in this place.
 E = Time spent auto-exploring this place.
 F = Levels seen in this place.
 G = Mean time per level.
                   A        B        C        D        E       F      G
               +--------+--------+--------+--------+--------+-----+--------+
         Total |   5584 |   5516 |     68 |    100 |   4635 |   6 |  930.7 |
       Dungeon |   4258 |   4190 |     68 |      0 |   3616 |   4 | 1064.5 |
         Abyss |    387 |    387 |      0 |    100 |    246 |   1 |  387.0 |
         Sewer |    938 |    938 |      0 |      0 |    773 |   1 |  938.0 |
               +--------+--------+--------+--------+--------+-----+--------+

Top non-repeatable levels by time:
     D:2: 1737 daAuts
     D:1: 1324 daAuts
   Sewer: 938 daAuts
     D:3: 863 daAuts
 Abyss:1: 387 daAuts
     D:4: 332 daAuts
